 Dungeon Crawl Stone Soup version 0.28-a0-655-g4eb62b627b (webtiles) character file.

Game seed: 3352411215440520830

1064 runemasterragnar the Ducker (level 8, 0/58 HPs)
             Began as a Djinni Hedge Wizard on Oct 12, 2021.
             Was a Follower of Uskayaw.
             Slain by a polar bear (13 damage)
             ... created by the rage of Trog
             ... on level 4 of the Dungeon on Oct 13, 2021.
             The game lasted 00:13:43 (5881 turns).

runemasterragnar the Ducker (Djinni Hedge Wizard)   Turns: 5881, Time: 00:13:44

Health: 0/58       AC:  4    Str: 10    XL:     8   Next: 52%
Gold:   107        EV: 14    Int: 17    God:    Uskayaw [*.....] SH:  0 Dex: 13

rFire   + + .      SeeInvis .   f - +3 short sword (speed)
rCold   x . .      Faith    .   (no shield)
rNeg    . . .      Spirit   .   b - +0 robe
rPois   ∞          Reflect  .   c - +0 hat
rElec   .          Harm     .   (no cloak)
rCorr   .          Rampage  .   h - +1 pair of gloves
Will    .....                   (boots unavailable)
Stlth   +++.......              (no amulet)
HPRegen 0.19/turn               (no ring)
MPRegen 0.00/turn               (no ring)

@: about to teleport, flying
A: sickness immunity, fire resistance 2, cold vulnerability 1, float, innate
caster, hp casting, extra vitality 1
a: Renounce Religion, Stomp


You were on level 4 of the Dungeon.
You worshipped Uskayaw.
Uskayaw was noncommittal.
You visited 1 branch of the dungeon, and saw 4 of its levels.
You also visited: Sewer.

You collected 107 gold pieces.

Inventory:

Hand Weapons
 a - a +0 dagger
 f - a +3 short sword of speed (weapon)
 v - a +2 demon whip of pain
Missiles
 e - 2 javelins
 i - 44 poisoned darts
 l - 16 stones
Armour
 b - a +0 robe (worn)
 c - a +0 hat (worn)
 h - a +1 pair of gloves (worn)
Jewellery
 m - a +4 ring of protection
Scrolls
 k - a scroll of enchant armour
 s - a scroll of identify
 t - a scroll of holy word {unknown}
Potions
 d - a potion of heal wounds {unknown}
 g - 2 potions of brilliance
 j - a potion of degeneration
 n - a potion of magic {unknown}
 o - a potion of curing
 p - a potion of experience {unknown}
 q - a potion of ambrosia {unknown}
 r - a potion of mutation {unknown}


   Skills:
 + Level 4.0 Fighting
 + Level 5.2 Dodging
 + Level 4.2 Stealth
 - Level 4.9 Spellcasting


You couldn't memorise any spells.
You knew the following spells:

 Your Spells              Type           Power      Damage    Failure   Level
a - Magic Dart            Conj           84%        1d7       1%          1
b - Blink                 Tloc           N/A        N/A       2%          2
c - Call Imp              Summ           21%        N/A       2%          2
d - Slow                  Hex            21%        N/A       2%          2
e - Conjure Flame         Conj/Fire      21%        6-21      5%          3
f - Mephitic Cloud        Conj/Pois/Air  21%        N/A       5%          3
g - Sandblast             Erth           42%        2d11      1%          1
h - Poisonous Vapours     Pois/Air       42%        N/A       2%          2
i - Ozocubu's Armour      Ice            21%        N/A       5%          3
Your spell library was empty.

Dungeon Overview and Level Annotations

Branches:
Dungeon (4/15)              Sewer (visited)
 Temple: D:4-7

Altars:
Okawaru
Qazlal
Trog
Uskayaw
Zin


Innate Abilities, Weirdness & Mutations

You are immune to sickness and miasma.
You are immune to poison.
Your flesh is very heat resistant. (rF++)
You are vulnerable to cold. (rC-)
You float through the air rather than walking.
You learn spells naturally, not from books.
Your magical power is your life essence.
You have superior vitality. (+4 HP)


Message History

Casting: Poisonous Vapours (safe; 2% risk of failure)
Confirm with . or Enter, or press ? or * to list all spells.
Aiming: Poisonous Vapours (safe; 2% risk of failure)
Press: ? - help, Dir - move target, f/p - ogre
Aim: an ogre, wielding a +0 giant spiked club (almost dead, very poisoned, slow) Poisonous vapours surround the ogre!
The ogre looks as sick as possible!
You kill the ogre!
Your Fighting skill increases to level 4!
HP restored.
Trog sends monsters to punish you. 2 polar bears and 2 black bears come into view.
There are monsters nearby!
There are monsters nearby!
Okay, then.
Casting: Poisonous Vapours (safe; 2% risk of failure)
Confirm with . or Enter, or press ? or * to list all spells.
Okay, then.
Casting: Poisonous Vapours (safe; 2% risk of failure)
Confirm with . or Enter, or press ? or * to list all spells.
You blink.
The black bear moves out of view.
Casting: Blink (safe; 2% risk of failure)
Confirm with . or Enter, or press ? or * to list all spells.
You blink.
The polar bear rages.
The polar bear barely misses you. The polar bear claws you.
The polar bear misses you.
Casting: Blink (safe; 2% risk of failure)
Confirm with . or Enter, or press ? or * to list all spells.
You blink.
The polar bear bites you!! The polar bear claws you. x2
Casting: Blink (safe; 2% risk of failure)
Confirm with . or Enter, or press ? or * to list all spells.
You blink.
The black bear closely misses you. The black bear claws you. x2
* * * LOW HITPOINT WARNING * * *
The polar bear rages.
Unknown command.
As you read the scroll of teleportation, it crumbles to dust.
You feel strangely unstable.
Unknown command.
The polar bear bites you!
You die...

+........<+
#.........#
##.......## ###.
##..>..## .#.O ###
##...## #... ..#
####'#### #..# #.#
#.h.....## #..# #.#
#.hh.h...#
#..####.###@##.##..#
#..##...).......#..#
#.......###........##
#...###.#
#.#........... #...#
#O# #........#####
###.###.# #.######.#
#.....# #.######.#
####### #........#
##########


You could see 2 polar bears and 2 black bears.

Vanquished Creatures
  Sigmund (D:2)
  An ogre (D:4)
  8 kobold brigands (Sewer)
  A scorpion (D:3)
  4 adders
  A river rat (Sewer)
  7 worms
  3 dart slugs (D:2)
  4 orcs (D:3)
  8 ball pythons
  2 bats (D:2)
  9 endoplasms
  5 giant cockroaches
  6 goblins
  6 hobgoblins
  9 kobolds
  3 quokkas
  7 rats
85 creatures vanquished.

Vanquished Creatures (collateral kills)
  A kobold brigand (Sewer)
  A ball python (D:3)
  A bat (D:3)
  2 endoplasms
  2 giant cockroaches (D:3)
  A hobgoblin (D:3)
8 creatures vanquished.

Grand Total: 93 creatures vanquished

Notes
Turn   | Place    | Note
-------+----------+-------------------------------------------
     0 | D:1      | runemasterragnar the Djinni Hedge Wizard began the quest
                  | for the Orb.
     0 | D:1      | Reached XP level 1. HP: 15/15 MP: 0/0
   416 | D:1      | Reached XP level 2. HP: 18/22 MP: 0/0
  1004 | D:1      | Reached XP level 3. HP: 25/26 MP: 0/0
  1004 | D:1      | Learned a level 1 spell: Sandblast
  1110 | D:2      | Noticed Sigmund
  1410 | D:2      | Reached skill level 1 in Fighting
  1657 | D:2      | Found an iron altar of Okawaru.
  1771 | D:2      | Killed Sigmund
  1772 | D:2      | Reached skill level 3 in Dodging
  1772 | D:2      | Reached XP level 4. HP: 5/33 MP: 0/0
  1772 | D:2      | Reached XP level 5. HP: 6/38 MP: 0/0
  1772 | D:2      | Learned a level 2 spell: Poisonous Vapours
  2064 | D:2      | Reached XP level 6. HP: 43/43 MP: 0/0
  2746 | D:3      | Found a glowing silver altar of Zin.
  2875 | D:3      | Found a glowing drain.
  2890 | Sewer    | Entered a sewer
  3364 | Sewer    | Reached XP level 7. HP: 30/49 MP: 0/0
  3364 | Sewer    | Learned a level 3 spell: Ozocubu's Armour
  3376 | Sewer    | Reached skill level 4 in Dodging
  4096 | Sewer    | Reached XP level 8. HP: 14/56 MP: 0/0
  4904 | D:3      | Found a stormy altar of Qazlal.
  4972 | D:3      | Found a faded altar of an unknown god.
  5058 | D:3      | Prayed at the altar of an unknown god.
  5058 | D:3      | Became a worshipper of Trog the Wrathful
  5058 | D:3      | Reached * piety under Trog
  5059 | D:3      | Fell from the grace of Trog
  5143 | D:3      | Reached skill level 5 in Dodging
  5361 | D:3      | Found a hide-covered altar of Uskayaw.
  5376 | D:3      | Became a worshipper of Uskayaw the Reveller
  5574 | D:3      | Reached * piety under Uskayaw
  5875 | D:4      | Noticed a polar bear
  5875 | D:4      | Noticed a polar bear
  5881 | D:4      | Slain by a polar bear

Illustrated notes

Levels and vault maps discovered:
D:1:      dpeg_arrival_erosion, layout_rooms
D:2:      layout_rooms, basic_altar, chequers_serial_rivers_small_b,
          hangedman_abyss_or_decor_stabs, uniq_sigmund
D:3:      kennysheep_big_flooded_room, layout_basic, lemuel_tele_altar,
          grunt_qazlal_clouds, nicolae_uskayaw_murder_on_the_dancefloor,
          shapermc_ecumenical_altar_petra, portal_sewer_entry_f
D:4:      layout_loops_corners, okawaru_metal_pillars_1_2, cheibriados_altar_1,
          trog_butcher_becter, serial_shops, shop, uniq_blork_the_orc

Skill      XL: |  1  2  3  4  5  6  7  8 |
---------------+-------------------------+-----
Stealth        | 2 3 4 |  4.2
Fighting       | 2 3 4 |  4.0
Dodging        | 3 4 5 |  5.2
Spellcasting   | 3 4 |  4.9

Action                   |  1- 3 |  4- 6 |  7- 9 || total
-------------------------+-------+-------+-------++-------
Melee: Short sword       |    46 |    39 |    63 ||   148
 Cast: Magic Dart        |    55 |    47 |    53 ||   155
       Call Imp          |     6 |     5 |     1 ||    12
       Slow              |     1 |       |     2 ||     3
       Poisonous Vapours |       |     8 |    46 ||    54
       Mephitic Cloud    |       |     3 |     4 ||     7
       Ozocubu's Armour  |       |       |     1 ||     1
       Blink             |       |       |     4 ||     4
Invok: Renounce Religion |       |       |     1 ||     1
  Use: Scroll            |     2 |     6 |     3 ||    11
 Stab: Sleeping          |     2 |     4 |     2 ||     8
       Distracted        |       |     1 |     1 ||     2
       Confused          |       |       |     1 ||     1
Armor: Robe              |    15 |     8 |     3 ||    26
Dodge: Dodged            |    37 |    26 |    29 ||    92

Table legend: (Time is in decaauts)
 A = Elapsed time spent in this place.
 B = Non-inter-level travel time spent in this place.
 C = Inter-level travel time spent in this place.
 D = Time resting spent in this place.
 E = Time spent auto-exploring this place.
 F = Levels seen in this place.
 G = Mean time per level.
                   A        B        C        D        E       F      G
               +--------+--------+--------+--------+--------+-----+--------+
         Total |   5843 |   5775 |     68 |   1291 |   3524 |   5 | 1168.6 |
       Dungeon |   3888 |   3820 |     68 |    768 |   2348 |   4 |  972.0 |
         Sewer |   1955 |   1955 |      0 |    523 |   1176 |   1 | 1955.0 |
               +--------+--------+--------+--------+--------+-----+--------+

Top non-repeatable levels by time:
   Sewer: 1955 daAuts
     D:1: 1561 daAuts
     D:3: 1115 daAuts
     D:2: 1084 daAuts
     D:4: 126 daAuts
